 Dungeon Crawl Stone Soup version 0.26.1-2-gb8aa6d0cf2 (webtiles) character file.

Game seed: 3800631269011381130

43 Groucho the Sneak (level 3, -1/16 HPs)
             Began as a Spriggan Enchanter on Feb 24, 2021.
             Slain by a goblin (2 damage)
             ... led by Robin
             ... on level 2 of the Dungeon.
             The game lasted 00:02:31 (4236 turns).

Groucho the Sneak (Spriggan Enchanter)              Turns: 4236, Time: 00:02:32

Health: -1/16      AC:  2    Str:  5    XL:     3   Next: 37%
Magic:  8/8        EV: 18    Int: 16    God:
Gold:   99         SH:  0    Dex: 16    Spells: 4/7 levels left

rFire    . . .     SeeInvis +   a - +1 dagger
rCold    . . .     Faith    .   (shield restricted)
rNeg     . . .     Spirit   .   b - +0 robe
rPois    .         Reflect  .   (helmet restricted)
rElec    .         Harm     .   (no cloak)
rCorr    .         Rampage  .   (gloves unavailable)
Will     .....                  (boots unavailable)
Stlth    ++++......             (no amulet)
HPRegen  0.05/turn              (no ring)
MPRegen  0.11/turn              (no ring)

@: very quick
A: very small, unfitting armour, see invisible, speed 3
a: no special abilities


You were on level 2 of the Dungeon.
You visited 1 branch of the dungeon, and saw 3 of its levels.

You collected 99 gold pieces.

Inventory:

Hand Weapons
 a - a +1 dagger (weapon)
Missiles
 d - 20 poisoned darts
 m - 7 boomerangs
Armour
 b - a +0 robe (worn)
Scrolls
 f - 2 scrolls of magic mapping {unknown}
 g - a scroll of remove curse {unknown}
 i - a scroll of identify {unknown}
 j - a scroll of teleportation {unknown}
 n - a scroll of enchant armour {unknown}
Potions
 c - a potion of brilliance {unknown}
 e - a potion of invisibility {unknown}
 h - a potion of magic {unknown}
 k - a potion of curing {unknown}
 l - a potion of resistance {unknown}
 o - a potion of mutation {unknown}
 p - a potion of degeneration {unknown}


   Skills:
 - Level 1.1 Short Blades
 - Level 3.0 Dodging
 + Level 6.9 Stealth
 - Level 2.6 Spellcasting
 - Level 3.6 Hexes


You had 4 spell levels left.
You knew the following spells:

 Your Spells              Type           Power        Failure   Level
a - Corona                Hex            14%          4%          1
b - Ensorcelled Hibernat  Hex/Ice        14%          14%         2

Your spell library contained the following spells:

 Spells                   Type           Power        Failure   Level
 Confusing Touch          Hex            13%          13%         3
 Tukima's Dance           Hex            13%          13%         3
 Beastly Appendage        Tmut           4%           19%         1
 Wereblood                Tmut           2%           28%         2
 Dazzling Flash           Conj/Hex       14%          28%         3
 Spider Form              Tmut/Pois      1%           50%         3
 Ice Form                 Ice/Tmut       2%           88%         4
 Blade Hands              Tmut           1%           99%         5


Dungeon Overview and Level Annotations

Branches:
Dungeon (3/15)

Altars:

Annotations:
D:3 Robin


Innate Abilities, Weirdness & Mutations

You are very small and have problems with some larger weapons.
You are too small for most types of armour.
You have supernaturally acute eyesight. (SInv)
You cover ground extremely quickly.


Message History

You hit the hobgoblin but do no damage. The goblin completely misses you.
The hobgoblin hits you. x2
You closely miss the hobgoblin. The goblin hits you.
The hobgoblin barely misses you. The hobgoblin misses you.
You barely miss the hobgoblin. The goblin closely misses you.
The hobgoblin misses you. x2
You hit the hobgoblin.
The hobgoblin is moderately wounded.
The goblin misses you. The hobgoblin closely misses you.
The hobgoblin hits you but does no damage.
You closely miss the hobgoblin.
The hobgoblin is moderately wounded.
The goblin closely misses you. The hobgoblin hits you.
* * * LOW HITPOINT WARNING * * *
The hobgoblin barely misses you.
Unknown command.
You hit the hobgoblin but do no damage.
The hobgoblin is moderately wounded.
The goblin hits you.
You die...

.....#......# #.#
#.#. .....#......#
#.# #.#.
..........).# #.#
#.#. ............#
#.# #.#.
............# #.#
#.#. #...........#
#.# #.#.
#...........# #.#
#.#.
#...........####g#
#.#.
...............g@#
#.#.
..............##g#
#.#.
.....<........##.#
#...
..............##.#
####
.............(##.#
..............##.#
######........##.#
#####..####.#
###.####.#


You could see 2 hobgoblins and a goblin.

Vanquished Creatures
  An ooze (D:1)
  2 dart slugs
  A leopard gecko (D:1)
  2 giant cockroaches (D:1)
  4 goblins
  2 hobgoblins (D:1)
  2 jackals (D:2)
  A quokka (D:2)
  9 bats
  2 frilled lizards
  6 kobolds (D:1)
  2 rats
34 creatures vanquished.

Notes
Turn   | Place    | Note
-------+----------+-------------------------------------------
     0 | D:1      | Groucho the Spriggan Enchanter began the quest for the Orb.
     0 | D:1      | Reached XP level 1. HP: 9/9 MP: 5/5
    96 | D:1      | Reached skill level 5 in Stealth
   146 | D:1      | Reached XP level 2. HP: 4/13 MP: 6/6
   674 | D:1      | Learned a level 2 spell: Ensorcelled Hibernation
  1231 | D:1      | Reached skill level 6 in Stealth
  1742 | D:2      | Reached XP level 3. HP: 13/16 MP: 8/8
  4215 | D:3      | Noticed Robin
  4236 | D:2      | Slain by a goblin

Illustrated notes

Levels and vault maps discovered:
D:1:      shiori_arrival_maze, layout_loops_ring, minmay_tiny_reverse_x
D:2:      layout_basic
D:3:      layout_loops_ring, gammafunk_ghost_grave,
          chequers_ecumenical_altar_grove, uniq_robin

Skill      XL: |  1  2 |
---------------+-------+-----
Stealth        | 5 6 |  6.9
Short Blades   | |  1.1
Dodging        | |  3.0
Spellcasting   | |  2.6
Hexes          | |  3.6

Action                   || total
-------------------------++-------
Melee: Dagger            ||   144
 Stab: Sleeping          ||    17
Armor: Robe              ||     7
Dodge: Dodged            ||   108
